 Dungeon Crawl Stone Soup version 0.29.1 (webtiles) character file.

Game seed: 409717863320262294

970 Icepheonix32 the Covered (level 7, 0/63 HPs)
             Began as a Minotaur Fighter on Sept 13, 2022.
             Slain by a bullfrog (2 damage)
             ... on level 5 of the Dungeon.
             The game lasted 00:05:27 (4648 turns).

Icepheonix32 the Covered (Minotaur Fighter)         Turns: 4648, Time: 00:05:28

Health: 0/63       AC:  7    Str: 23    XL:     7   Next: 94%
Magic:  6/6        EV:  9    Int:  5    God:
Gold:   247        SH:  9    Dex: 15    Spells: 6/6 levels left

rFire   . . .      SeeInvis .   y - +2 dagger (freeze)
rCold   . . .      Faith    .   J - +0 kite shield
rNeg    . . .      Spirit   .   b - +0 scale mail
rPois   +          Reflect  .   (helmet restricted)
rElec   .          Harm     .   (no cloak)
rCorr   .          Rampage  .   (no gloves)
Will    .....                   (no boots)
Stlth   ..........              (no amulet)
HPRegen 0.20/turn               u - ring of poison resistance
MPRegen 0.10/turn               I - +6 ring of dexterity

@: no status effects
A: horns 2, retaliatory headbutt
a: no special abilities


You were on level 5 of the Dungeon.
You visited 1 branch of the dungeon, and saw 5 of its levels.

You collected 247 gold pieces.

Inventory:

Hand Weapons
 a - a +0 long sword
 y - a +2 dagger of freezing (weapon)
 B - a +0 longbow
 D - a +0 whip of venom
Missiles
 p - 6 silver javelins (quivered)
 F - 7 boomerangs
Armour
 b - a +0 scale mail (worn)
 c - a +0 buckler
 J - a +0 kite shield (worn)
Magical Staves
 v - a staff of earth
Jewellery
 u - a ring of poison resistance (left hand)
 I - a +6 ring of dexterity (right hand)
Wands
 C - a wand of roots (9)
 E - a wand of charming (9)
Scrolls
 h - 6 scrolls of identify {unknown}
 l - 5 scrolls of teleportation {unknown}
 m - a scroll of enchant armour {unknown}
 q - a scroll of poison {unknown}
 r - a scroll of brand weapon {unknown}
 s - 2 scrolls of blinking {unknown}
 t - a scroll of amnesia {unknown}
 x - 2 scrolls of noise {unknown}
 z - 3 scrolls of magic mapping {unknown}
 H - a scroll of enchant weapon {unknown}
Potions
 d - a potion of might
 e - 2 potions of brilliance {unknown}
 f - 4 potions of attraction {unknown}
 g - 2 potions of cancellation {unknown}
 i - 5 potions of curing {unknown}
 j - 4 potions of mutation {unknown}
 k - 4 potions of heal wounds {unknown}
 n - 2 potions of lignification {unknown}
 o - a potion of resistance {unknown}
 w - a potion of invisibility {unknown}
 A - 3 potions of berserk rage {unknown}
 G - a potion of degeneration {unknown}


   Skills:
 * Level 6.1 Fighting
 + Level 3.4(4.3) Short Blades
 + Level 4.5(5.2) Long Blades
 + Level 7.1 Armour
 + Level 2.9 Dodging
 + Level 5.1 Shields


You had 6 spell levels left.
You didn't know any spells.
Your spell library was empty.

Dungeon Overview and Level Annotations

Branches:
Dungeon (5/15)
 Temple: D:4-7

Altars:
Cheibriados
Fedhas
Nemelex Xobeh
Ru
Sif Muna
Uskayaw

Shops:
D:4 [*


Innate Abilities, Weirdness & Mutations

You have a pair of horns on your head.
You reflexively headbutt those who attack you in melee.


Message History

The ogre is lightly wounded.
The ogre hits you with a +0 giant club.
You hit the ogre but do no damage.
The ogre is lightly wounded.
The bullfrog hits you! You block the ogre's attack.
You closely miss the ogre. You headbutt the ogre.
The ogre is lightly wounded.
The bullfrog hits you but does no damage.
You block the bullfrog's attack.
You hit the ogre. You freeze the ogre.
The ogre is moderately wounded.
You block the bullfrog's attack. The ogre hits you with a +0 giant club!
You hit the ogre. You freeze the ogre. You headbutt the ogre.
The ogre is heavily wounded.
The bullfrog hits you. You block the ogre's attack.
The bullfrog barely misses you. You furiously retaliate!
You headbutt the bullfrog. The ogre hits you with a +0 giant club!
You are too injured to fight recklessly!
You are too injured to fight recklessly!
Unknown command.
The ogre attacks as you move away!
The ogre hits you with a +0 giant spiked club!
* * * LOW HITPOINT WARNING * * *
The bullfrog attacks as you move away! The bullfrog hits you.
* * * LOW HITPOINT WARNING * * *
The bullfrog swells and bulges.
The bullfrog hits you.
* * * LOW HITPOINT WARNING * * *
The bullfrog attacks as you move away!
The bullfrog hits you but does no damage.
You block the bullfrog's attack. The bullfrog attacks as you move away!
You block the bullfrog's attack. You block the bullfrog's attack.
The bullfrog hits you.
* * * LOW HITPOINT WARNING * * *
You block the bullfrog's attack. The bullfrog attacks as you move away!
You block the bullfrog's attack.
There is a stone staircase leading up here.
You block the bullfrog's attack. The bullfrog hits you.
You die...

.#.....#......≈≈≈≈≈............
.#.....#......≈≈_≈≈............
.'..>..#......≈≈.≈≈............
.#.....#......≈≈.≈≈............
'##.######..#.≈≈.≈≈............
.##'######..#.≈...≈.##.......#
.........#..#.≈.8.≈O##.......#
.........'..#)...F..##.......#
...###.###..#...@#.###.......#
######'###..#......# #.......#
...'........#....### #.......#
...#........#....# #.......#
...#........#....# #.......#
...##.......#....# #.......#
...##..##...#....#
...##..###+##....#
............#....#


You could see an ogre and a bullfrog.

Vanquished Creatures
  A water moccasin (D:5)
  The ghost of porpoise the Caller, an amateur FeSu (D:4)
  A black bear (D:4)
  A phantom (D:4)
  3 scorpions (D:4)
  A necrophage (D:4)
  4 hounds
  An iguana (D:5)
  2 orc wizards (D:4)
  3 gnolls (D:5)
  4 adders
  An ufetubus (D:4)
  2 worms (D:3)
  3 dart slugs
  9 orcs
  8 ball pythons
  5 endoplasms
  3 giant cockroaches (D:3)
  8 goblins
  5 hobgoblins
  9 kobolds
  3 quokkas
  3 bats
  4 frilled lizards
  7 rats
92 creatures vanquished.

Notes
Turn   | Place    | Note
-------+----------+-------------------------------------------
     0 | D:1      | Icepheonix32 the Minotaur Fighter began the quest for the
                  | Orb.
     0 | D:1      | Reached XP level 1. HP: 19/19 MP: 0/0
   235 | D:1      | Reached XP level 2. HP: 11/27 MP: 1/1
  1331 | D:2      | Reached XP level 3. HP: 33/33 MP: 2/2
  1454 | D:2      | Found a faded altar of an unknown god.
  1577 | D:2      | Reached skill level 4 in Armour
  2026 | D:3      | Found a hide-covered altar of Uskayaw.
  2088 | D:3      | Reached XP level 4. HP: 30/41 MP: 3/3
  2297 | D:3      | Found a snail-covered altar of Cheibriados.
  2502 | D:3      | Found a sparkling altar of Nemelex Xobeh.
  2580 | D:4      | Noticed a scorpion
  2591 | D:4      | Killed a scorpion
  2592 | D:4      | Reached skill level 1 in Dodging
  2592 | D:4      | Reached XP level 5. HP: 47/47 MP: 4/4
  2695 | D:4      | Found a runed translucent door.
  2695 | D:4      | Noticed porpoise's ghost (amateur FeSu)
  2769 | D:4      | Reached skill level 5 in Armour
  2772 | D:4      | Reached skill level 5 in Fighting
  2772 | D:4      | Reached skill level 1 in Short Blades
  2785 | D:4      | Reached XP level 6. HP: 30/56 MP: 5/5
  2975 | D:4      | Found Ugavesaj's Armour Emporium.
  3104 | D:4      | Found Ubuc's Elemental Accessories.
  3335 | D:4      | Reached XP level 7. HP: 29/61 MP: 6/6
  3513 | D:4      | Reached skill level 6 in Armour
  3809 | D:4      | Found a blossoming altar of Fedhas.
  3924 | D:4      | Found a sacrificial altar of Ru.
  3985 | D:4      | Killed porpoise's ghost
  3986 | D:4      | Reached skill level 5 in Shields
  4027 | D:5      | Entered Level 5 of the Dungeon
  4395 | D:5      | Reached skill level 7 in Armour
  4578 | D:5      | Found a shimmering blue altar of Sif Muna.
  4646 | D:5      | HP: 2/63 [bullfrog (5)]
  4648 | D:5      | Slain by a bullfrog

Illustrated notes

Levels and vault maps discovered:
D:1:      saegor_arrival_under_anarchy, layout_loops_ring
D:2:      layout_basic, ebering_ecumenical_altar_rust,
          minmay_goblin_kobold_house
D:3:      layout_rooms, eat_drink_and_be_merry_uskayaw,
          mainiacjoe_overflow_six_doors_small, lemuel_crystal_altar
D:4:      minmay_chambers_of_threes, layout_basic, nicolae_ru_path_of_blood,
          kennysheep_little_box, gammafunk_ghost_grave, nicolae_elemental_shop,
          kennysheep_small_circle
D:5:      layout_gridville, nzn_wu_jian_contemplation,
          mainiacjoe_overflow_catwalk, serial_shops, shop,
          minmay_misc_feat_plants

Skill      XL: |  1  2  3  4  5  6  7 |
---------------+----------------------+-----
Fighting       | 4 5 6 |  6.1
Long Blades    | 3 4 |  4.5
Shields        | 4 5 |  5.1
Armour         | 4 5 7 |  7.1
Dodging        | 1 2 |  2.9
Short Blades   | 1 2 3 |  3.4

Action                   |  1- 3 |  4- 6 |  7- 9 || total
-------------------------+-------+-------+-------++-------
Melee: Long sword        |    95 |       |       ||    95
       Headbutt          |    14 |    15 |    19 ||    48
       Dagger            |       |   125 |    88 ||   213
  Use: Potion            |       |       |     1 ||     1
Armor: Scale mail        |    35 |    49 |    27 ||   111
Dodge: Dodged            |    44 |    50 |    32 ||   126
Block: Buckler           |    26 |    24 |    15 ||    65
       Kite shield       |       |       |    10 ||    10
